cohdb
Replays
Latest Replays
All Replays
Popular Replays
Top Player Replays
Match Explorer
How It Works
Community
CoH3 Stats
Reddit
Sign in to upload your games and track your stats! →
Sign in with Steam
Challenger !
Match 17865211
Overview
Messages
Build Orders
End
Construct Barracks
Riflemen Squad
Riflemen Squad
Selects Advanced Infantry Battlegroup
Selects Advanced Infantry Battlegroup
Grenade Package
Riflemen Squad
Selects Convert to Ranger Squad
Convert to Ranger Squad
Infantry Support Center
Selects Frontline Medical Station
Frontline Medical Station
Convert to Ranger Squad
Selects Ammunition Storage
Riflemen Squad
Construct Motor Pool
Selects Infantry Assault
M24 Chaffee Light Tank
Riflemen Squad
M24 Chaffee Light Tank
Infantry Assault
DOVAKIN
The101stAirBorne
тoвaрищ☭☭
秃鹫k
sigounet
今天没喝咖啡
屁力火
大家好我是实战两年半的个人指挥官猫你太菜
0
0
Comments
sign in to comment!
No comments posted yet!